 Dungeon Crawl Stone Soup version 0.28.0-53-g5a82cb258f (webtiles) character file.

Game seed: 3434589852651051656

2501 MalarOregon the Conjurer (level 9, -12/69 HPs)
             Began as a Palentonga Hedge Wizard on June 14, 2022.
             Was an Initiate of Qazlal.
             Killed from afar by a steam dragon (19 damage)
             ... with a ball of steam
             ... on level 7 of the Dungeon.
             The game lasted 00:33:22 (11363 turns).

MalarOregon the Conjurer (Palentonga Hedge Wizard) Turns: 11363, Time: 00:33:23

Health: -12/69     AC: 13    Str: 13    XL:     9   Next: 28%
Magic:  22/25      EV:  9    Int: 19    God:    Qazlal [......]
Gold:   64         SH:  0    Dex: 10    Spells: 7/18 levels left

rFire   . . .      SeeInvis +   b - +7 long sword "Goichips" {drain, +Blink Fly rElec rC-}
rCold   x . .      Faith    .   (no shield)
rNeg    . . .      Spirit   .   m - +0 robe
rPois   .          Reflect  .   p - +0 helmet
rElec   +          Harm     .   c - scarf {repulsion}
rCorr   .          Rampage  .   D - +0 pair of gloves
Will    .....                   (no barding)
Stlth   +.........              (no amulet)
HPRegen 0.21/turn               j - ring of magical power
MPRegen 0.19/turn               y - +4 ring of slaying

@: flying, repel missiles, curled up
A: large, rugged brown scales 3, see invisible, deformed body, roll 1, armoured
tail, reflexive curl
a: Rolling Charge, Renounce Religion, Evoke Blink


You were on level 7 of the Dungeon.
You worshipped Qazlal.
Qazlal was noncommittal.
You visited 2 branches of the dungeon, and saw 8 of its levels.

You collected 265 gold pieces.
You spent 201 gold pieces at shops.


Innate Abilities, Weirdness & Mutations

You are completely covered in rugged brown scales. (AC +3, +7% HP)
You have supernaturally acute eyesight. (SInv)
Armour fits poorly on your strangely shaped body.
You can roll at nearby foes to attack.
You have a long armoured tail.
You curl defensively after being hit. (AC +7*)


   Skills:
 + Level 3.7 Fighting
 + Level 3.7 Staves
 - Level 1.5 Dodging
 - Level 1.2 Stealth
 + Level 5.0 Spellcasting
 * Level 5.2 Conjurations
 * Level 4.3 Summonings
 - Level 2.0 Translocations
 + Level 2.7 Ice Magic
 - Level 2.0 Air Magic
 - Level 2.0 Poison Magic
 + Level 3.1 Evocations


You had 7 spell levels left.
You knew the following spells:

 Your Spells              Type           Power      Damage    Failure   Level
a - Magic Dart            Conj           96%        1d7       1%          1
b - Blink                 Tloc           24%        N/A       9%          2
d - Conjure Flame         Conj/Fire      14%        6-21      13%         3
f - Mephitic Cloud        Conj/Pois/Air  16%        N/A       11%         3
x - Call Imp              Summ           21%        N/A       3%          2

Your spell library contained the following spells:

 Spells                   Type           Power      Damage    Failure   Level
 Pain                     Necr           16%        1d4       12%         1
 Slow                     Hex            16%        N/A       12%         1
 Agony                    Necr           4%         N/A       98%         5
 Excruciating Wounds      Necr           2%         N/A       98%         5

Inventory:

Hand Weapons
 b - the +7 long sword "Goichips" (weapon) {drain, +Blink Fly rElec rC-}
   (You found it on level 4 of the Dungeon)

   A truly terrible weapon, it drains the life of any living foe it strikes.
   rC:        It makes you vulnerable to cold.
   rElec:     It insulates you from electricity.
   Fly:       It grants you flight.
   +Blink:    It lets you blink.
Missiles
 f - a throwing net (quivered) {!f}
 r - 3 poisoned darts
Armour
 c - a scarf of repulsion (worn)
   (You found it on level 4 of the Dungeon)
 m - a +0 robe (worn)
 p - a +0 helmet (worn)
   (You found it on level 4 of the Dungeon)
 D - a +0 pair of gloves (worn)
   (You found it on level 5 of the Dungeon)
Magical Staves
 a - a staff of cold
   (You found it on level 3 of the Dungeon)
 z - a staff of fire
   (You found it on level 5 of the Dungeon)
Jewellery
 j - a ring of magical power (left hand)
   (You found it on level 2 of the Dungeon)
 y - a +4 ring of slaying (right hand)
   (You found it on level 5 of the Dungeon)
Wands
 d - a wand of iceblast (15)
   (You found it on level 3 of the Dungeon)
 t - a wand of flame (15)
   (You took it off an orc on level 3 of the Dungeon)
Scrolls
 e - 2 scrolls of noise {unknown}
 g - 2 scrolls of torment {unknown}
 h - 2 scrolls of immolation {!r}
 i - 2 scrolls of teleportation {@r4}
 k - 2 scrolls of magic mapping
 q - a scroll of brand weapon {unknown}
 v - 2 scrolls of identify {@r1}
 w - a scroll of amnesia {unknown}
 A - 2 scrolls of fear
 C - a scroll of fog {unknown}
Potions
 l - a potion of invisibility
 n - 4 potions of curing {@q1}
 o - a potion of heal wounds {@q2}
 s - 4 potions of might
 u - a potion of flight
 x - a potion of mutation {unknown}
 B - a potion of haste {@q3}
 E - a potion of brilliance {unknown}
 F - a potion of lignification {unknown}

Dungeon Overview and Level Annotations

Branches:
Dungeon (7/15)             Temple (1/1) D:6

Altars:
Ashenzari
Cheibriados
Dithmenos
Elyvilon
Fedhas
Gozag
Hepliaklqana
Kikubaaqudgha
Makhleb
Nemelex Xobeh
Okawaru
Qazlal
Ru
Sif Muna
Trog
Uskayaw
Vehumet
Wu Jian
Xom
Yredelemnul
Zin
The Shining One

Shops:
D:5 ?

Annotations:
D:4 1 runed translucent door, dbhg's ghost, weakling DsFi

§≈≈≈≈§§
.###
.≈≈≈≈#.
#...
.#.....
#..
......≈#.#
.#.####†#
........#
#######D#
#§# #@#
#§# #§#
#§# #.###
#. #.##
#.#.. ..
#..# #.#.#
#. ##.#
#.#.# #.
#.# #.#.#
#. #.#
#.#.# #.


You could see a steam dragon (catching breath, drained).


Message History

Press: ? - help, Shift-Dir - straight line, f - sky beast
Aim: a sky beast (wandering, hasn't noticed you, 100% to hit)
The magic dart hits the sky beast.
The sky beast flickers out of sight for a moment.
Casting: Magic Dart (safe; 1% risk of failure)
Confirm with . or Enter, or press ? or * to list all spells.
Aiming: Magic Dart (safe; 1% risk of failure)
Press: ? - help, Shift-Dir - straight line, f/p - sky beast
Aim: a sky beast (lightly wounded, slightly transparent, 100% to hit)
The magic dart hits the sky beast.
Casting: Magic Dart (safe; 1% risk of failure)
Confirm with . or Enter, or press ? or * to list all spells.
Aiming: Magic Dart (safe; 1% risk of failure)
Press: ? - help, Shift-Dir - straight line, f/p - sky beast
Aim: a sky beast (lightly wounded, slightly transparent, 100% to hit)
The magic dart hits the sky beast but does no damage.
You closely miss the sky beast. The sky beast hits you.
The sky beast shocks you. You resist.
You slash the sky beast! You drain the sky beast. The sky beast hits you.
The sky beast shocks you. You resist.
You hit the sky beast. You drain the sky beast.
The sky beast hits you but does no damage.
The sky beast barely misses you.
You miss the sky beast.
The sky beast hits you but does no damage.
You hit the sky beast.
You kill the sky beast!
Qazlal accepts your kill.
Your Spellcasting skill increases to level 5!
A steam dragon comes into view.
Casting: Magic Dart (safe; 1% risk of failure)
Confirm with . or Enter, or press ? or * to list all spells.
Aiming: Magic Dart (safe; 1% risk of failure)
Press: ? - help, Shift-Dir - straight line, f - steam dragon
Aim: a steam dragon (wandering, hasn't noticed you, 100% to hit)
The magic dart hits the steam dragon but does no damage.
Casting: Magic Dart (safe; 1% risk of failure)
Confirm with . or Enter, or press ? or * to list all spells.
Aiming: Magic Dart (safe; 1% risk of failure)
Press: ? - help, Shift-Dir - straight line, f/p - steam dragon
Aim: a steam dragon (100% to hit)
The magic dart hits the steam dragon.
Casting: Magic Dart (safe; 1% risk of failure)
Confirm with . or Enter, or press ? or * to list all spells.
Aiming: Magic Dart (safe; 1% risk of failure)
Press: ? - help, Shift-Dir - straight line, f/p - steam dragon
Aim: a steam dragon (water, lightly wounded, 100% to hit)
The magic dart hits the steam dragon but does no damage.
Casting: Magic Dart (safe; 1% risk of failure)
Confirm with . or Enter, or press ? or * to list all spells.
You can't see any susceptible monsters within range! (Use Z to cast anyway.) Unknown command.
A steam dragon is nearby!
Casting: Magic Dart (safe; 1% risk of failure)
Confirm with . or Enter, or press ? or * to list all spells.
Aiming: Magic Dart (safe; 1% risk of failure)
Press: ? - help, Shift-Dir - straight line, f/p - steam dragon
Aim: a steam dragon (lightly wounded, 100% to hit)
The magic dart hits the steam dragon but does no damage.
Casting: Magic Dart (safe; 1% risk of failure)
Confirm with . or Enter, or press ? or * to list all spells.
You can't see any susceptible monsters within range! (Use Z to cast anyway.) Unknown command.
A steam dragon is nearby!
Casting: Magic Dart (safe; 1% risk of failure)
Confirm with . or Enter, or press ? or * to list all spells.
Aiming: Magic Dart (safe; 1% risk of failure)
Press: ? - help, Shift-Dir - straight line, f/p - steam dragon
Aim: a steam dragon (lightly wounded, 100% to hit)
The magic dart hits the steam dragon but does no damage.
You closely miss the steam dragon. The steam dragon bites you.
The steam dragon claws you but does no damage.
The steam dragon bites you but does no damage.
The steam dragon claws you.
You barely miss the steam dragon. You tail-slap the steam dragon.
The steam dragon breathes steam at you. The ball of steam hits you!
You completely miss the steam dragon. The steam dragon bites you!
* * * LOW HITPOINT WARNING * * *
The steam dragon claws you but does no damage.
You barely miss the steam dragon. You tail-slap the steam dragon.
The steam dragon bites you!
* * * LOW HITPOINT WARNING * * *
The steam dragon closely misses you.
The steam dragon bites you but does no damage.
The steam dragon barely misses you.
You hit the steam dragon. You drain the steam dragon.
Your tail-slap misses the steam dragon.
The steam dragon bites you.
* * * LOW HITPOINT WARNING * * *
The steam dragon completely misses you.
You hit the steam dragon. You drain the steam dragon.
The steam dragon breathes steam at you. The ball of steam hits you!
* * * LOW HITPOINT WARNING * * *
The steam dragon bites you.
* * * LOW HITPOINT WARNING * * *
The steam dragon closely misses you. The steam dragon breathes steam at you.
The ball of steam hits you!!
You die...

Skill      XL: |  1  2  3  4  5  6  7  8  9 |
---------------+----------------------------+-----
Conjurations   | 1 2 3 4 5 |  5.2
Fighting       | 1 2 3 |  3.7
Summonings     | 1 2 3 4 |  4.3
Staves         | 1 2 3 |  3.7
Ice Magic      | 1 2 |  2.7
Air Magic      | 1 2 |  2.0
Evocations     | 1 2 3 |  3.1
Poison Magic   | 1 2 |  2.0
Spellcasting   | 4 5 |  5.0
Translocations | 2 |  2.0
Dodging        | |  1.5
Stealth        | |  1.2

Action                   |  1- 3 |  4- 6 |  7- 9 || total
-------------------------+-------+-------+-------++-------
Melee: Dagger            |    34 |       |       ||    34
       Tailslap          |     5 |     6 |    18 ||    29
       Staff             |       |    33 |     5 ||    38
       Punch             |       |     1 |     3 ||     4
       Long sword        |       |    11 |    87 ||    98
Throw: Dart              |       |     3 |       ||     3
 Cast: Magic Dart        |   107 |   158 |   106 ||   371
       Call Imp          |       |    16 |    19 ||    35
       Blink             |       |     1 |       ||     1
       Conjure Flame     |       |       |     3 ||     3
       Mephitic Cloud    |       |       |     3 ||     3
 Abil: Rolling Charge    |     1 |       |     8 ||     9
Evoke: Wand              |       |     4 |     2 ||     6
  Use: Scroll            |       |     6 |       ||     6
 Stab: Sleeping          |       |     1 |       ||     1
Armor: Robe              |    21 |    32 |    54 ||   107
Dodge: Dodged            |    36 |    71 |    60 ||   167
       Repelled          |       |     1 |       ||     1

Levels and vault maps discovered:
D:1:      amcnicky_arrival_wind_blow, layout_basic
D:2:      layout_loops_ring, basic_ecumenical_altar
D:3:      wad_river_or_something, layout_basic
D:4:      layout_rooms, ebering_ghost_sewer_d, kennysheep_small_circle
D:5:      layout_cave_pods, grunt_qazlal_clouds, serial_shops, shop,
          st_stairs_3, uniq_ijyb, uniq_menkaure, uniq_duvessa
D:6:      layout_rooms, minmay_temple_entry_junction
D:7:      layout_loops_ring, nicolae_concentric_dashed_squares_wild,
          hangedman_misty_isle
Temple:   mainiacjoe_temple_circle_huts

Notes
Turn   | Place    | Note
-------+----------+-------------------------------------------
     0 | D:1      | MalarOregon the Palentonga Hedge Wizard began the quest for
                  | the Orb.
     0 | D:1      | Reached XP level 1. HP: 13/13 MP: 4/4
   147 | D:1      | Reached skill level 1 in Conjurations
   769 | D:1      | HP: 3/14 [gnoll/+0 spear (4)]
   813 | D:1      | Reached skill level 1 in Fighting
   813 | D:1      | Reached XP level 2. HP: 8/22 MP: 1/6
  1016 | D:1      | Learned a level 2 spell: Call Imp
  1927 | D:2      | Reached skill level 1 in Summonings
  1927 | D:2      | Reached XP level 3. HP: 27/27 MP: 1/7
  2234 | D:2      | You pick up a book of Pain and begin reading...
  2234 | D:2      | You add the spells Pain, Agony and Excruciating Wounds to
                  | your library.
  2560 | D:2      | Reached skill level 2 in Conjurations
  2768 | D:2      | Found a faded altar of an unknown god.
  3237 | D:3      | Learned a level 2 spell: Blink
  3241 | D:3      | Learned a level 3 spell: Mephitic Cloud
  3252 | D:3      | Reached XP level 4. HP: 34/34 MP: 9/9
  4448 | D:3      | Identified the +2 pair of gloves of Claustrophobia {-Tele
                  | Harm rPois rF+++}
  4750 | D:3      | Reached XP level 5. HP: 32/40 MP: 3/10
  4856 | D:3      | Reached skill level 2 in Fighting
  5159 | D:4      | Found a runed translucent door.
  5175 | D:4      | Noticed dbhg's ghost (weakling DsFi)
  5573 | D:3      | Reached skill level 1 in Staves
  5808 | D:3      | Reached skill level 1 in Ice Magic
  5808 | D:3      | Reached skill level 1 in Air Magic
  5808 | D:3      | Reached skill level 1 in Evocations
  5990 | D:4      | Identified the +7 long sword "Goichips" {drain, +Blink Fly
                  | rElec rC-}
  6430 | D:4      | Reached XP level 6. HP: 47/47 MP: 11/11
  6594 | D:4      | Reached skill level 1 in Poison Magic
  6597 | D:4      | Reached skill level 2 in Summonings
  6985 | D:5      | Entered Level 5 of the Dungeon
  6985 | D:5      | Noticed Duvessa
  6985 | D:5      | Noticed Dowan
  7065 | D:5      | Noticed Menkaure
  7409 | D:5      | Reached skill level 2 in Staves
  7409 | D:5      | Reached skill level 4 in Spellcasting
  7409 | D:5      | Reached skill level 3 in Conjurations
  7561 | D:4      | Killed Menkaure
  7562 | D:4      | Gained mutation: You curl defensively after being hit. (AC
                  | +7*) [Palentonga growth]
  7562 | D:4      | Reached XP level 7. HP: 22/53 MP: 13/13
  7817 | D:5      | Killed Duvessa
  7821 | D:5      | Killed Dowan
  7823 | D:5      | Found a stormy altar of Qazlal.
  8088 | D:5      | Reached skill level 2 in Evocations
  8088 | D:5      | Reached XP level 8. HP: 60/60 MP: 14/14
  8113 | D:5      | Noticed Ijyb
  8186 | D:5      | Reached skill level 3 in Summonings
  8265 | D:5      | Reached skill level 2 in Translocations
  8269 | D:5      | Learned a level 3 spell: Conjure Flame
  8291 | D:5      | Reached skill level 4 in Conjurations
  8400 | D:5      | Found Saqeg's Magic Scroll Emporium.
  8410 | D:5      | Bought a scroll of teleportation for 45 gold pieces
  8410 | D:5      | Bought a scroll of magic mapping for 52 gold pieces
  8410 | D:5      | Bought a scroll of fear for 52 gold pieces
  8410 | D:5      | Bought a scroll of immolation for 52 gold pieces
  8794 | D:5      | Killed Ijyb
  8896 | D:5      | Reached skill level 2 in Ice Magic
  8896 | D:5      | Reached skill level 2 in Air Magic
  9046 | D:6      | Reached skill level 3 in Fighting
  9046 | D:6      | Reached skill level 2 in Poison Magic
  9149 | D:6      | Found a staircase to the Ecumenical Temple.
  9158 | Temple   | Entered the Ecumenical Temple
  9511 | D:5      | Became a worshipper of Qazlal Stormbringer
  9561 | D:6      | Reached skill level 3 in Staves
 10336 | D:7      | Reached XP level 9. HP: 40/68 MP: 9/16
 10520 | D:7      | Reached skill level 4 in Summonings
 10615 | D:7      | HP: 17/68 [centaur (1)]
 10899 | D:7      | HP: 8/68 [wyvern (16)]
 11236 | D:7      | Reached skill level 5 in Conjurations
 11273 | D:7      | Reached skill level 3 in Evocations
 11346 | D:7      | Reached skill level 5 in Spellcasting
 11360 | D:7      | HP: 8/69 [steam dragon/ball of steam (12)]
 11363 | D:7      | Killed from afar by a steam dragon

Vanquished Creatures
  A steam dragon (D:7)
  Menkaure (D:4)
  Duvessa (D:5)
  An orc warrior (D:7)
  2 black bears
  2 sky beasts (D:7)
  2 necrophages (D:6)
  An ogre (D:5)
  2 centaurs
  A bullfrog (D:5)
  A scorpion (D:5)
  2 water moccasin zombies
  Dowan (D:5)
  A water moccasin skeleton (D:7)
  A centaur zombie (D:5)
  A bullfrog skeleton (D:5)
  A gnoll shaman (D:4)
  3 orc priests
  A hound (D:5)
  3 jellies
  A scorpion zombie (D:5)
  Ijyb (D:5)
  3 iguanas (D:5)
  5 orc wizards
  A howler monkey zombie (D:5)
  5 gnolls
  3 adders
  A howler monkey skeleton (D:5)
  2 shadow imps
  2 white imps
  An ufetubus (D:3)
  2 worms
  9 orcs
  4 endoplasms
  A giant cockroach (D:1)
  7 goblins
  3 hobgoblins
  9 jackals
  8 kobolds
  5 quokkas
  5 ball pythons
  6 bats
  3 frilled lizards (D:3)
  5 rats
121 creatures vanquished.

Vanquished Creatures (collateral kills)
  An ice beast (D:6)
  An ogre (D:6)
  A gnoll (D:4)
  An orc (D:3)
4 creatures vanquished.

Grand Total: 125 creatures vanquished

Table legend:
 A = Non-vault XP
 B = Vault XP
 C = Vault XP percentage of total XP
 D = Non-vault monster count
 E = Vault monster count
 F = Vault count percentage of total count
                 A         B        C        D         E       F
            +---------+---------+-------+---------+---------+-------
      Total |    2551 |    1023 |  28.6 |     103 |      22 |  17.6
            +---------+---------+-------+---------+---------+-------
        D:1 |      38 |       0 |   0.0 |      14 |       0 |   0.0
        D:2 |      56 |       0 |   0.0 |      17 |       0 |   0.0
        D:3 |     219 |      26 |  10.6 |      27 |       9 |  25.0
        D:4 |     107 |     181 |  62.8 |      10 |       3 |  23.1
        D:5 |     966 |     371 |  27.7 |      20 |       6 |  23.1
        D:6 |     637 |       0 |   0.0 |       8 |       0 |   0.0
        D:7 |     528 |     445 |  45.7 |       7 |       4 |  36.4
            +---------+---------+-------+---------+---------+-------

Illustrated notes

Table legend:
 A = Kills in this place as a percentage of kills in entire the game.
 B = Kills by you in this place as a percentage of kills by you in the entire game.
 C = Kills by friends in this place as a percentage of kills by friends in the entire game.
 D = Other kills in this place as a percentage of other kills in the entire game.
 E = Experience gained in this place as a percentage of experience gained in the entire game.
 F = Experience gained in this place divided by the number of levels of this place that you have seen.
                   A       B       C       D       E      F
               +-------+-------+-------+-------+-------+----------------------
         Total | 100.0 | 100.0 | 100.0 |   N/A | 100.0 | 446.8
       Dungeon | 100.0 | 100.0 | 100.0 |   N/A | 100.0 | 510.6
               +-------+-------+-------+-------+-------+----------------------

Table legend: (Time is in decaauts)
 A = Elapsed time spent in this place.
 B = Non-inter-level travel time spent in this place.
 C = Inter-level travel time spent in this place.
 D = Time resting spent in this place.
 E = Time spent auto-exploring this place.
 F = Levels seen in this place.
 G = Mean time per level.
                   A        B        C        D        E       F      G
               +--------+--------+--------+--------+--------+-----+--------+
         Total |  11421 |  10725 |    696 |   2474 |   6558 |   8 | 1427.6 |
       Dungeon |  11132 |  10451 |    681 |   2474 |   6305 |   7 | 1590.3 |
        Temple |    289 |    274 |     15 |      0 |    253 |   1 |  289.0 |
               +--------+--------+--------+--------+--------+-----+--------+

Top non-repeatable levels by time:
     D:3: 2335 daAuts
     D:4: 1898 daAuts
     D:1: 1803 daAuts
     D:2: 1639 daAuts
     D:5: 1479 daAuts
     D:6: 1323 daAuts
     D:7: 653 daAuts
  Temple: 289 daAuts
